 Dungeon Crawl Stone Soup version 0.31-a0-1496-g79c7dd0 (webtiles) character file.

Game seed: 14743552386783739049

2478 samfromsteam the Protected (level 9, -1/82 HPs)
             Began as a Minotaur Fighter on Dec 29, 2023.
             Killed by divine providence
             ... invoked by Jeremiah
              (16 damage)
             ... on level 6 of the Dungeon.
             The game lasted 00:11:40 (5417 turns).

samfromsteam the Protected (Minotaur Fighter)       Turns: 5417, Time: 00:11:41

Health: -1/82      AC: 17    Str: 26    XL:     9   Next: 27%
Magic:  8/8        EV: 13    Int:  7    God:
Gold:   208        SH:  0    Dex: 15    Spells: 8/8 levels left

rFire   + . .        z - +5 flail of the Old World {holy, Dex+4 Stlth+}
rCold   . . .        (no shield)
rNeg    . . .        u - +4 scale mail of the Moneychanger {rElec rPois Str+4}
rPois   +            (helmet restricted)
rElec   +            D - +2 cloak
rCorr   .            (no gloves)
SInv    .            r - +0 pair of boots
Will    +....        (no amulet)
Stlth   +            o - ring of protection from fire
HPRegen 0.33/turn    i - ring of willpower
MPRegen 0.11/turn

%: no passive effects
@: no status effects
A: horns 2, retaliatory headbutt
a: no special abilities


You were on level 6 of the Dungeon.
You visited 1 branch of the dungeon, and saw 6 of its levels.

You collected 208 gold pieces.

Inventory:

Hand Weapons
 f - a +0 great sword
 z - the +5 flail of the Old World (weapon) {holy, Dex+4 Stlth+}
   (You found it on level 5 of the Dungeon)

   Dex+4:     It affects your dexterity (+4).
   Stlth+:    It makes you more stealthy.
 C - a +3 quarterstaff of chaos
Armour
 r - a +0 pair of boots (worn)
 u - the +4 scale mail of the Moneychanger (worn) {rElec rPois Str+4}
   (You found it on level 4 of the Dungeon)

   Str+4:     It affects your strength (+4).
   rElec:     It insulates you from electricity.
   rPois:     It protects you from poison
 D - a +2 cloak (worn)
Jewellery
 i - a ring of willpower (right hand)
 o - a ring of protection from fire (left hand)
Wands
 y - a wand of flame (9)
Scrolls
 b - a scroll of poison {unknown}
 c - a scroll of blinking {unknown}
 e - a scroll of noise {unknown}
 g - a scroll of fog {unknown}
 h - 2 scrolls of identify {unknown}
 k - 2 scrolls of vulnerability {unknown}
 l - a scroll of teleportation {unknown}
 m - a scroll of immolation {!r}
 n - 2 scrolls of enchant armour {unknown}
 p - a scroll of brand weapon {unknown}
 t - a scroll of silence {unknown}
 w - 2 scrolls of summoning {unknown}
 A - a scroll of revelation {unknown}
Potions
 a - a potion of heal wounds {unknown}
 d - a potion of might
 j - 2 potions of curing {unknown}
 q - a potion of magic {unknown}
 s - 3 potions of ambrosia {unknown}
 v - a potion of haste {unknown}
 x - 2 potions of resistance {unknown}
 B - 2 potions of attraction {unknown}


   Skills:
 + Level 8.3 Fighting
 - Level 4.7 Long Blades
 - Level 2.4(4.2) Axes
 + Level 5.3(5.6) Maces & Flails
 + Level 8.4 Armour
 + Level 6.7 Dodging
 - Level 3.6 Shields


You had 8 spell levels left.
You didn't know any spells.
Your spell library contained the following spells:

 Spells                   Type           Power      Damage    Failure   Level
 Magic Dart               Conj           0%         1d3       67%         1
 Shock                    Conj/Air       0%         1d3       67%         1
 Slow                     Hex            0%         N/A       67%         1
 Summon Small Mammal      Summ           0%         N/A       67%         1
 Blink                    Tloc           0%         N/A       82%         2
 Call Imp                 Summ           0%         N/A       82%         2
 Lesser Beckoning         Tloc           0%         N/A       82%         2
 Call Canine Familiar     Summ           0%         N/A       96%         3
 Confusing Touch          Hex            0%         N/A       96%         3
 Gell's Gravitas          Tloc           0%         N/A       96%         3
 Sigil of Binding         Hex            0%         N/A       96%         3
 Swiftness                Air            0%         N/A       96%         3
 Teleport Other           Tloc           0%         N/A       96%         3
 Vampiric Draining        Necr           0%         2d6       96%         3
 Airstrike                Air            0%         2d(0-16)  100%        4
 Summon Blazeheart Golem  Fire/Summ      0%         N/A       100%        4
 Orb of Destruction       Conj           0%         9d5       100%        7
 Spellforged Servitor     Conj/Summ      0%         N/A       100%        7


Dungeon Overview and Level Annotations

Branches:
Dungeon (6/15)
 Temple: D:4-7

Altars:
Fedhas
Hepliaklqana
Kikubaaqudgha
Okawaru
Uskayaw
Vehumet

Annotations:
D:6 Jeremiah


Innate Abilities, Weirdness & Mutations

You have a pair of horns on your head.
You reflexively headbutt those who attack you in melee.


Message History

Your Armour skill increases to level 8!
You are engulfed in blazing flames.
You resist.
* * * LOW HITPOINT WARNING * * *
The butterfly is engulfed in blazing flames.
The butterfly disappears in a burst of colours!
The butterfly explodes!
The fiery explosion engulfs Pikel!!
Flame seeps out of Pikel.
Pikel is severely wounded.
Pikel is engulfed in blazing flames.
Pikel explodes!
The fiery explosion engulfs the butterfly!!
You kill the butterfly!
The butterfly disappears in a burst of colours!
The fiery explosion engulfs the butterfly!!
You kill the butterfly!
The butterfly disappears in a burst of colours!
Your Maces & Flails skill increases to level 5!
Unknown command.
The butterfly disappears in a burst of colours!
The butterfly is engulfed in blazing flames.
The butterfly disappears in a burst of colours!
The butterfly explodes!
The fiery explosion engulfs the butterfly!!
The butterfly disappears in a burst of colours!
The butterfly explodes!
The butterfly is engulfed in blazing flames.
You kill the butterfly!
The butterfly disappears in a burst of colours!
Unknown command.
Unknown command.
Aiming: Throw Flame
Press: ? - help, Shift-Dir - straight line, f - butterfly
Aim: a butterfly (summoned, 33% to hit)
The puff of flame hits the butterfly!
You kill the butterfly!
The butterfly disappears in a burst of colours! x2
Jeremiah shouts, "O dreadful one, destroy my foe!"
Something smites you!
You die...
Jeremiah says, "O terrible one, your will is done."

#>......5........
#...###....######
####..#######
#§§§..###
#§§§§...#
#.§§§§#.#
#§§§§§#...
#§§§§.bF...#
#@.§§§bbb..#
#####..b...#
#......# ########


You could see Jeremiah (inner flame).

Vanquished Creatures
  Pikel (D:6)
  Prince Ribbit (D:6)
  Eustachio (D:5)
  3 black bears
  2 ogres (D:6)
  A centaur (D:6)
  2 lemures (D:6)
  2 phantoms (D:5)
  Blork the orc (D:4)
  A gnoll sergeant (D:6)
  2 scorpions
  A vampire bat (D:3)
  2 howler monkeys
  A bombardier beetle (D:6)
  A gnoll bouda (D:4)
  A hound (D:6)
  3 jellies
  2 sleepcaps (D:5)
  Crazy Yiuf (D:2)
  2 orc wizards
  Ijyb (D:5)
  12 gnolls
  6 adders
  A white imp (D:6)
  3 fire bats (D:3)
  15 orcs
  2 spectral bats (D:3)
  3 bat skeletons (D:3)
  A bat zombie (D:3)
  4 endoplasms
  2 giant cockroaches
  9 goblins
  7 hobgoblins
  3 jackals (D:1)
  7 kobolds
  5 quokkas
  A ball python (D:3)
  11 bats
  A bat simulacrum (D:3)
  3 frilled lizards
  2 rats (D:2)
130 creatures vanquished.

Notes
Turn   | Place    | Note
-------+----------+-------------------------------------------
     0 | D:1      | samfromsteam the Minotaur Fighter began the quest for the
                  | Orb.
     0 | D:1      | Reached XP level 1. HP: 19/19 MP: 0/0
   552 | D:1      | Reached XP level 2. HP: 20/27 MP: 1/1
   781 | D:1      | Reached skill level 1 in Long Blades
  1134 | D:2      | Reached skill level 1 in Dodging
  1143 | D:2      | Found a faded altar of an unknown god.
  1335 | D:2      | Found a runed translucent door.
  1336 | D:2      | Noticed Crazy Yiuf
  1376 | D:2      | Reached XP level 3. HP: 33/33 MP: 2/2
  2017 | D:3      | Reached XP level 4. HP: 36/41 MP: 3/3
  2046 | D:3      | Reached XP level 5. HP: 47/47 MP: 4/4
  2282 | D:4      | Reached skill level 5 in Armour
  2287 | D:4      | Reached skill level 5 in Fighting
  2344 | D:4      | Noticed Blork the orc
  2393 | D:4      | Killed Blork the orc
  2394 | D:4      | Reached XP level 6. HP: 55/56 MP: 5/5
  2545 | D:4      | Found a radiant altar of Vehumet.
  2845 | D:4      | Identified the +4 scale mail of the Moneychanger {rElec
                  | rPois Str+4}
  3022 | D:4      | Reached XP level 7. HP: 44/62 MP: 6/6
  3530 | D:4      | Found a blossoming altar of Fedhas.
  3539 | D:4      | Found an ancient bone altar of Kikubaaqudgha.
  3732 | D:5      | Entered Level 5 of the Dungeon
  3805 | D:5      | Identified the +5 flail of the Old World {holy, Dex+4
                  | Stlth+}
  3872 | D:5      | Reached skill level 1 in Maces & Flails
  4163 | D:5      | Reached XP level 8. HP: 47/71 MP: 7/7
  4242 | D:5      | Noticed Ijyb
  4248 | D:5      | Killed Ijyb
  4274 | D:5      | Noticed Eustachio
  4293 | D:5      | Reached skill level 5 in Dodging
  4304 | D:5      | Killed Eustachio
  4564 | D:5      | Found a hide-covered altar of Uskayaw.
  4564 | D:5      | Found an iron altar of Okawaru.
  4565 | D:5      | Found a hazy altar of Hepliaklqana.
  4657 | D:6      | Noticed Prince Ribbit
  4665 | D:6      | Killed Prince Ribbit
  4870 | D:6      | Identified the +6 quarterstaff "Pucyrriw" {freeze, ^Drain
                  | rCorr Str-5 Int+7}
  5050 | D:2      | Killed Crazy Yiuf
  5252 | D:6      | Reached XP level 9. HP: 66/81 MP: 8/8
  5363 | D:6      | Noticed Pikel
  5405 | D:6      | Noticed Jeremiah
  5415 | D:6      | Killed Pikel
  5416 | D:6      | Reached skill level 5 in Maces & Flails
  5417 | D:6      | Killed from afar by Jeremiah

Illustrated notes

Levels and vault maps discovered:
D:1:      minmay_arrival_jagged, layout_basic, chequers_serial_rivers_micro_d
D:2:      layout_rooms, hellmonk_ecumenical_altar_pennies_from_heaven,
          uniq_crazy_yiuf_cottage
D:3:      layout_rooms, goddamned_bats
D:4:      corexii_shack_village, layout_loops_corners,
          mainiacjoe_overflow_alcove_2, vehumet_altar_wand_db,
          mainiacjoe_overflow_alcove_1, uniq_blork_the_orc
D:5:      layout_cave_pools, gammafunk_temple_overflow_claw,
          roderic_serpentine_path, serial_bayou_lagoon_a,
          kennysheep_windowed_goal, uniq_ijyb, uniq_eustachio
D:6:      layout_basic, uniq_pikel, uniq_sigmund, uniq_jeremiah,
          uniq_prince_ribbit1

Skill      XL: |  1  2  3  4  5  6  7  8  9 |
---------------+----------------------------+-----
Long Blades    | 1 2 3 4 |  4.7
Dodging        | 1 2 3 4 6 |  6.7
Fighting       | 4 5 6 7 8 |  8.3
Armour         | 4 5 6 7 8 |  8.4
Maces & Flails | 1 4 5 |  5.3
Axes           | |  2.4
Shields        | |  3.6

Action                     |  1- 3 |  4- 6 |  7- 9 || total
---------------------------+-------+-------+-------++-------
  Melee: Great sword       |    68 |    78 |    47 ||   193
         Headbutt          |     7 |     9 |    29 ||    45
         Flail             |       |       |    72 ||    72
         Unarmed           |       |       |     9 ||     9
  Evoke: Wand              |       |       |     1 ||     1
    Use: Scroll            |       |       |     2 ||     2
 Armour: Scale mail        |    23 |    18 |   115 ||   156
         Ring mail         |    38 |    86 |       ||   124
         Skin              |       |       |     4 ||     4
  Dodge: Dodged            |    56 |    85 |    88 ||   229

Table legend: (Time is in decaauts)
 A = Elapsed time spent in this place.
 B = Non-inter-level travel time spent in this place.
 C = Inter-level travel time spent in this place.
 D = Time resting spent in this place.
 E = Time spent auto-exploring this place.
 F = Levels seen in this place.
 G = Mean time per level.
                   A        B        C        D        E       F      G
               +--------+--------+--------+--------+--------+-----+--------+
         Total |   5546 |   5208 |    338 |    234 |   3996 |   6 |  924.3 |
       Dungeon |   5546 |   5208 |    338 |    234 |   3996 |   6 |  924.3 |
               +--------+--------+--------+--------+--------+-----+--------+

Top non-repeatable levels by time:
     D:4: 1548 daAuts
     D:1: 1113 daAuts
     D:5: 896 daAuts
     D:2: 761 daAuts
     D:6: 640 daAuts
     D:3: 587 daAuts
